Map: [ESL] Goldenaura

Players

XYXY (XY)

  • Race: Terran Terran
  • Spawn Location: 5:00

Oliveira - Winner!

  • Race: Terran Terran
  • Spawn Location: 12:00

Event: ESL SC2 Masters 2023 Winter (Regional)

VOD

Have the link to the VOD?

Description

Time

  • Played on: Nov. 2, 2023, 7:36 a.m.
  • Length: 10:05

All games in this series

Show
View Real Time Build Order
Export as new Build Order

XYXY Terran 

Build Orders: Cyclone Opening 

Get SALT Encoding   

  12  0:00  SCV  
  13  0:12  SCV  
  14  0:17  Supply Depot  
  14  0:24  SCV  
  15  0:38  SCV  
  15  0:39  Barracks  
  16  0:43  Refinery  
  16  0:50  SCV  
  16  0:52  Refinery  
  17  1:02  SCV  
  18  1:15  SCV  
  19  1:27  Orbital Command, Reaper  
  19  1:28  Supply Depot  
  20  1:43  Factory  
  20  1:52  SCV  
  21  1:59  Reaper  
  22  2:05  SCV  
  23  2:17  SCV  
  23  2:22  Command Center  
  24  2:28  Cyclone  
  26  2:31  SCV  
  26  2:34  Barracks Reactor  
  27  2:39  Supply Depot  
  27  2:43  SCV  
  28  2:51  Starport  
  28  2:55  SCV  
  29  3:01  Factory Tech Lab  
  29  3:09  SCV  
  29  3:10  Marine x2  
  32  3:17  Refinery  
  32  3:19  Siege Tank  
  35  3:21  SCV  
  35  3:26  Starport Tech Lab  
  36  3:33  Orbital Command  
  33  3:41  Marine  
  33  3:43  SCV  
  33  3:46  Raven  
  37  3:55  SCV, Marine  
  37  3:59  SCV, Marine  
  41  4:03  Siege Tank  
  41  4:08  SCV  
  45  4:11  SCV, Supply Depot  
  45  4:13  Marine  
  47  4:17  Marine  
  47  4:20  SCV  
  47  4:23  SCV  
  50  4:31  Raven, Marine  
  50  4:33  Supply Depot  
  50  4:35  Marine  
  50  4:37  SCV  
  55  4:41  SCV  
  55  4:42  Siege Tank  
  59  4:48  Supply Depot  
  59  4:49  SCV, Marine  
  61  4:53  Marine  
  61  4:54  SCV  
  61  4:55  Supply Depot  
  63  5:01  SCV  
  63  5:06  Raven, SCV  
  63  5:07  Marine  
  67  5:10  Marine  
  67  5:11  Supply Depot  
  67  5:13  SCV  
  70  5:15  Siege Tank  
  70  5:19  SCV  
  74  5:22  Supply Depot  
  74  5:25  Marine  
  74  5:26  SCV  
  76  5:28  Marine  
  76  5:29  Unknown  
  76  5:31  SCV  
  78  5:38  SCV, Command Center  
  79  5:44  SCV  
  79  5:47  Siege Tank, Starport Reactor  
  83  5:53  SCV  
  83  5:56  Barracks  
  84  5:59  Stimpack, Marine  
  84  6:01  SCV  
  84  6:02  Barracks  
  86  6:07  SCV  
  87  6:12  Engineering Bay  
  87  6:13  SCV, Refinery  
  87  6:14  Engineering Bay  
  83  6:25  Marine  
  69  6:35  Viking x2  
  69  6:39  Siege Tank  
  68  6:40  SCV x2  
  68  6:43  Terran Infantry Weapons Level 1  
  70  6:48  Marine x3  
  70  6:49  Barracks Reactor  
  70  6:52  SCV, Barracks  
  70  6:53  SCV, Barracks  
  75  6:55  Orbital Command  
  75  7:04  SCV  
  75  7:05  SCV  
  75  7:06  Viking  
  79  7:11  Viking  
  79  7:15  Marine x2  
  83  7:16  Marine  
  83  7:17  SCV x2  
  83  7:21  Siege Tank  
  89  7:23  SCV  
  89  7:27  Terran Infantry Armor Level 1  
  89  7:29  SCV x2  
  92  7:30  Refinery  
  92  7:33  Refinery  
  92  7:36  SCV, Viking  
  95  7:41  Viking  
  95  7:43  SCV x2, Supply Depot  
  99  7:45  Combat Shield  
  99  7:48  Marine  
  99  7:49  Barracks Reactor  
  99  7:50  SCV  
  101  7:53  Barracks Reactor  
  101  7:54  Marine x2  
  101  7:55  SCV  
  101  7:56  Marine x2  
  101  7:57  SCV  
  107  8:02  SCV  
  107  8:03  Siege Tank  
  111  8:06  Marine  
  111  8:11  Supply Depot  
  111  8:12  Command Center, Marine x2  
  114  8:15  Marine  
  114  8:16  Marine  
  116  8:20  SCV x3  
  116  8:22  Armory  
  116  8:24  Marine  
  120  8:27  Medivac  
  120  8:29  Medivac  
  120  8:30  Marine  
  120  8:33  SCV, Marine  
  128  8:34  Sensor Tower  
  128  8:35  Supply Depot  
  128  8:37  Supply Depot  
  128  8:38  SCV  
  128  8:39  SCV  
  130  8:45  Marine x5  
  134  8:50  Siege Tank  
  134  8:51  Marine  
  134  8:54  Marine  
  134  8:55  Marine x2  
  140  8:56  SCV x3  
  144  9:03  Supply Depot  
  144  9:04  Supply Depot  
  144  9:10  Marine  
  144  9:14  Marine x2  
  147  9:17  Refinery  
  147  9:18  Refinery  
  147  9:23  Sensor Tower  
  147  9:24  Marine x3  
  147  9:25  Marine  
  147  9:29  Marine x2  
  153  9:37  Marine  
  154  9:40  Marine x2  
  154  9:45  Marine x3  
Show
View Real Time Build Order
Export as new Build Order

Oliveira Terran - Winner!

Build Orders:  

Get SALT Encoding   

  12  0:00  SCV  
  13  0:12  SCV  
  14  0:17  Supply Depot  
  14  0:24  SCV  
  14  0:27  Refinery  
  15  0:38  SCV  
  16  0:45  Barracks  
  16  0:50  SCV  
  16  0:55  Refinery  
  17  1:03  SCV  
  18  1:15  SCV  
  19  1:32  Reaper, Orbital Command  
  20  1:36  Factory  
  20  1:44  Supply Depot  
  20  1:58  SCV  
  21  2:05  Reaper  
  22  2:10  SCV  
  23  2:18  Command Center  
  23  2:22  SCV  
  24  2:27  Hellion  
  26  2:34  SCV  
  27  2:37  Reaper  
  27  2:38  Supply Depot  
  28  2:47  SCV  
  28  2:48  Hellion  
  31  2:55  Starport  
  31  3:00  SCV  
  32  3:10  Cyclone  
  32  3:12  Barracks Reactor, SCV  
  35  3:19  Refinery  
  35  3:24  SCV  
  31  3:42  SCV, Starport Tech Lab  
  31  3:43  Orbital Command  
  31  3:45  Factory Tech Lab  
  32  3:49  Marine x2  
  32  3:54  SCV  
  35  4:02  Raven  
  37  4:04  Siege Tank  
  37  4:06  SCV  
  37  4:08  SCV  
  37  4:09  Marine x2  
  44  4:11  Supply Depot  
  44  4:19  SCV  
  44  4:20  SCV  
  46  4:31  SCV, Marine x2  
  47  4:33  SCV  
  47  4:37  Raven, Siege Tank  
  47  4:38  Supply Depot  
  55  4:43  SCV  
  55  4:45  SCV  
  57  4:54  Command Center  
  57  4:55  SCV  
  57  4:57  SCV  
  57  4:58  Marine  
  57  4:59  Unknown, Marine  
  61  5:05  Supply Depot  
  61  5:07  SCV  
  61  5:09  SCV  
  61  5:12  Raven  
  61  5:13  Siege Tank  
  66  5:18  Marine x2  
  66  5:19  SCV  
  70  5:21  SCV  
  70  5:22  Supply Depot  
  70  5:35  SCV x2  
  72  5:42  Refinery  
  73  5:43  Barracks  
  73  5:44  Barracks  
  73  5:45  Supply Depot, Siege Tank  
  73  5:48  SCV  
  73  5:49  SCV  
  77  5:57  Stimpack, Viking x2  
  77  5:58  Marine  
  77  6:00  SCV  
  77  6:01  SCV  
  84  6:08  Supply Depot, Orbital Command  
  84  6:13  SCV x2  
  84  6:18  Siege Tank  
  84  6:31  Viking x2  
  80  6:35  SCV  
  80  6:39  Barracks Reactor x2, Orbital Command  
  81  6:43  Marine  
  81  6:44  SCV, Engineering Bay  
  81  6:45  Engineering Bay  
  83  6:47  SCV  
  84  6:55  Siege Tank  
  84  6:56  SCV  
  84  6:57  Barracks x2  
  84  7:01  SCV, Marine  
  89  7:04  SCV  
  91  7:08  SCV  
  91  7:11  Terran Infantry Armor Level 1, Terran Infantry Weapons Level 1  
  92  7:17  SCV x2  
  92  7:22  SCV  
  95  7:24  Command Center  
  95  7:29  SCV, Siege Tank  
  99  7:33  Viking  
  99  7:34  SCV x2  
  103  7:39  Supply Depot x2  
  103  7:40  Combat Shield  
  103  7:41  SCV  
  104  7:45  Refinery x2  
  104  7:46  SCV x2  
  104  7:48  Barracks Reactor x2  
  106  7:53  Marine x3  
  106  7:54  SCV  
  106  7:55  Viking  
  112  8:01  Supply Depot, SCV  
  112  8:02  SCV  
  112  8:03  Supply Depot  
  114  8:06  Armory  
  114  8:08  Marine  
  114  8:09  Marine  
  114  8:11  Marine  
  117  8:14  Siege Tank, Marine x2  
  117  8:18  SCV x3  
  125  8:21  Medivac  
  125  8:23  Supply Depot  
  125  8:25  Marine x2  
  125  8:26  Supply Depot, Medivac  
  130  8:27  Marine x2  
  130  8:31  Supply Depot  
  130  8:32  Marine x2  
  134  8:36  SCV x2  
  134  8:37  SCV  
  134  8:38  Marine, Sensor Tower  
  134  8:39  Marine x2  
  140  8:43  Marine  
  140  8:46  Marine x2  
  140  8:47  Siege Tank, Missile Turret  
  146  8:48  SCV  
  146  8:49  SCV  
  146  8:50  SCV, Missile Turret  
  146  8:51  Marine  
  149  8:56  Planetary Fortress  
  149  8:59  Marine  
  149  9:00  SCV  
  149  9:01  Marine x5  
  156  9:06  Marine x2  
  156  9:08  Medivac x2  
  156  9:09  Marine  
  163  9:17  SCV, Marine  
  163  9:18  Marine  
  163  9:19  Marine x3  
  163  9:24  Marine x2  
  171  9:26  Marine  
  171  9:30  Supply Depot x2  
  173  9:35  Factory, Marine  
  173  9:36  Marine x4  
  177  9:41  Marine  
  176  9:47  Barracks Reactor  
Tags
 
Add a new tag
Caveats
  • Supply blocks, unpowered buildings, or Contaminate may cause inaccurate times.
  • Supply counts are checked every 10 seconds.